 Dungeon Crawl Stone Soup version 0.28-a0-589-g333b8329f1 (webtiles) character file.

Game seed: 10764240636576926240

5295 Shard1697 the Thaumaturge (level 10, -7/77 HPs)
             Began as a Djinni Ice Elementalist on Oct 4, 2021.
             Was an Initiate of Gozag.
             Killed from afar by an electric eel (15 damage)
             ... with a bolt of electricity
             ... on level 8 of the Dungeon.
             The game lasted 00:25:02 (10559 turns).

Shard1697 the Thaumaturge (DjIE)                   Turns: 10559, Time: 00:25:02

Health: -7/77      AC:  5    Str:  7    XL:     10   Next: 94%
Gold:   1255       EV: 12    Int: 25    God:    Gozag SH:  0 Dex: 17

rFire   + + .      SeeInvis .   a - +4 flail (protect)
rCold   x . .      Faith    .   (no shield)
rNeg    . . .      Spirit   .   s - +0 robe
rPois   ∞          Reflect  .   u - +0 helmet
rElec   .          Harm     .   (no cloak)
rCorr   .          Rampage  .   w - +1 pair of gloves {Dex+3}
Will    +....                   (boots unavailable)
Stlth   ++........              b - amulet of regeneration
HPRegen 1.22/turn               m - ring of the Crushing Hero {rPois Int+5}
MPRegen 0.00/turn               (no ring)

@: flying
A: sickness immunity, fire resistance 2, cold vulnerability 1, float, innate
caster, hp casting, extra vitality 1
a: Renounce Religion, Potion Petition, Call Merchant, Bribe Branch


You were on level 8 of the Dungeon.
You worshipped Gozag.
Gozag was most pleased with you.
You visited 2 branches of the dungeon, and saw 9 of its levels.

You collected 1288 gold pieces.
You paid 33 gold pieces to Gozag.

Inventory:

Hand Weapons
 a - a +4 flail of protection (weapon)
 x - a +1 mace of draining
Missiles
 j - 49 poisoned darts (quivered)
Armour
 s - a +0 robe (worn)
 u - a +0 helmet (worn)
 w - a +1 pair of gloves of dexterity (worn)
Jewellery
 b - an amulet of regeneration (around neck)
 m - the ring of the Crushing Hero (left hand) {rPois Int+5}
   (You found it on level 5 of the Dungeon)

   [ring of poison resistance]

   Int:       It affects your intelligence (+5).
   rPois:     It protects you from poison.
 z - a ring of fire
Wands
 p - a wand of polymorph (6)
 v - a wand of flame (28)
 y - a wand of digging (4)
Scrolls
 e - a scroll of acquirement {unknown}
 f - a scroll of teleportation
 h - a scroll of holy word {unknown}
 k - 2 scrolls of brand weapon {unknown}
 o - 3 scrolls of magic mapping {unknown}
 r - 2 scrolls of fear {unknown}
 t - 2 scrolls of enchant weapon {unknown}
 A - a scroll of silence {unknown}
 C - 3 scrolls of vulnerability {unknown}
 D - a scroll of identify
 E - a scroll of blinking {unknown}
Potions
 c - 2 potions of heal wounds
 d - 2 potions of might
 g - 7 potions of curing {unknown}
 i - a potion of cancellation
 l - a potion of brilliance
 q - 3 potions of flight
 B - 2 potions of haste {unknown}
 F - a potion of berserk rage {unknown}


   Skills:
 + Level 8.4 Fighting
 - Level 2.1 Dodging
 - Level 1.5 Stealth
 * Level 10.6 Spellcasting


You had 9 spell levels left.
You knew the following spells:

 Your Spells              Type           Power      Damage    Failure   Level
a - Freeze                Ice            100%       1d11      1%          1
b - Frozen Ramparts       Ice            100%       1d12      1%          3
c - Ozocubu's Armour      Ice            61%        N/A       1%          3
d - Hailstorm             Conj/Ice       61%        3d13      1%          4
e - Apportation           Tloc           100%       N/A       1%          1
f - Static Discharge      Conj/Air       61%        N/A       1%          2
g - Swiftness             Air            61%        N/A       1%          3
h - Summon Lightning Spi  Summ/Air       61%        N/A       1%          4
Your spell library was empty.

Dungeon Overview and Level Annotations

Branches:
Dungeon (8/15)             Temple (1/1) D:4
   Lair: D:8-11

Altars:
Ashenzari
Cheibriados
Dithmenos
Elyvilon
Fedhas
Gozag
Hepliaklqana
Kikubaaqudgha
Makhleb
Nemelex Xobeh
Okawaru
Qazlal
Ru
Sif Muna
Trog
Uskayaw
Vehumet
Wu Jian
Xom
Zin

Shops:
D:8 *


Innate Abilities, Weirdness & Mutations

You are immune to sickness and miasma.
You are immune to poison.
Your flesh is very heat resistant. (rF++)
You are vulnerable to cold. (rC-)
You float through the air rather than walking.
You learn spells naturally, not from books.
Your magical power is your life essence.
You have superior vitality. (+4 HP)


Message History

The bolt of electricity hits the electric eel.
The electric eel completely resists.
The bolt of electricity hits you!
You are confused.
You feel invigorated.
The electric eel shoots out a bolt of lightning at you!
The bolt of electricity hits the electric eel.
The electric eel completely resists.
The bolt of electricity hits you! x2
You're too confused to cast spells.
You're too confused to move!
The electric eel shoots out a bolt of lightning at you!
The bolt of electricity hits the electric eel.
The electric eel completely resists.
The bolt of electricity misses you. The bolt of electricity hits you!
You closely miss the electric eel.
The electric eel shoots out a bolt of lightning at you!
The bolt of electricity misses you. The bolt of electricity hits you!
The bolt of electricity misses the electric eel.
The bolt of electricity hits the electric eel.
The electric eel completely resists.
It was a potion of flight.
You feel more buoyant.
The electric eel shoots out a bolt of lightning at you!
The bolt of electricity hits the electric eel.
The electric eel completely resists.
The bolt of electricity hits you!
* * * LOW HITPOINT WARNING * * *
The bolt of electricity hits you!
* * * LOW HITPOINT WARNING * * *
It was a potion of heal wounds.
You feel much better.
You feel less invigorated.
You feel less confused.
The electric eel shoots out a bolt of lightning at you!
The bolt of electricity hits the electric eel.
The electric eel completely resists.
The bolt of electricity hits you!
* * * LOW HITPOINT WARNING * * *
The bolt of electricity hits you!
* * * LOW HITPOINT WARNING * * *
The electric eel shoots out a bolt of lightning at you!
The bolt of electricity hits you!
You die...
Your body crumbles into a pile of gold.

.............♣♣≈PP≈≈≈≈≈≈≈≈♣
.............≈≈≈≈♣≈≈≈≈S≈≈≈P
...######'####♣≈≈P≈≈S≈≈≈≈≈≈
...#........##≈♣≈≈♣≈≈≈P≈≈≈≈
...#........##♣≈≈♣≈P≈≈≈≈≈♣
...#........# ♣≈≈≈≈P≈≈≈P♣≈.
...#........# #S♣≈≈♣≈P≈≈≈≈.
...############S♣♣≈≈≈≈♣♣♣
#............###@♣♣≈P≈♣
.............# ###≈♣P♣♣
.............# ##♣P♣
.............# ..
≈≈......≈.≈..# ##+
≈≈≈P≈.≈≈≈≈≈..#
≈≈≈≈≈≈≈≈≈≈≈..#
≈≈≈≈≈≈≈≈≈P≈..#
≈≈≈≈P≈≈≈≈≈P..#


You could see 2 electric eels.

Vanquished Creatures
  A hydra (D:7)
  A two-headed ogre (D:8)
  Grinder (D:4)
  Prince Ribbit (D:6)
  2 wyverns (D:8)
  Menkaure (D:5)
  An acid dragon (D:7)
  Edmund (D:5)
  3 orc warriors
  An ice beast (D:8)
  3 sky beasts
  2 ogres
  A centaur (D:8)
  2 bullfrogs (D:7)
  2 kobold brigands
  Blork the orc (D:4)
  4 scorpions
  A water moccasin zombie (D:5)
  9 killer bees (D:8)
  8 electric eels (D:8)
  A howler monkey (D:5)
  A bullfrog zombie (D:7)
  3 centaur zombies
  3 hounds
  A jelly (D:7)
  A centaur skeleton (D:4)
  2 orc priests (D:7)
  Natasha (thrice) (D:4)
  3 orc wizards
  3 scorpion zombies
  2 killer bee zombies
  2 hound skeletons (D:4)
  Robin (D:4)
  A howler monkey zombie (D:4)
  4 adders
  4 gnolls (D:4)
  A white imp (D:6)
  An ufetubus (D:6)
  2 adder zombies (D:4)
  3 worms
  A dart slug (D:5)
  16 orcs
  5 ball pythons
  2 bats
  5 endoplasms
  3 giant cockroaches
  16 goblins
  10 hobgoblins
  4 jackals
  4 quokkas
  4 frilled lizards
  20 kobolds
  A rat (D:1)
179 creatures vanquished.

Vanquished Creatures (others)
  69 plants
  3 withered plants (D:4)
72 creatures vanquished.

Grand Total: 251 creatures vanquished

Notes
Turn   | Place    | Note
-------+----------+-------------------------------------------
     0 | D:1      | Shard1697 the Djinni Ice Elementalist began the quest for
                  | the Orb.
     0 | D:1      | Reached XP level 1. HP: 15/15 MP: 0/0
   560 | D:1      | Reached XP level 2. HP: 21/21 MP: 0/0
  1397 | D:2      | Reached XP level 3. HP: 24/25 MP: 0/0
  1397 | D:2      | Learned a level 1 spell: Apportation
  1417 | D:2      | Noticed a great orb of eyes
  1420 | D:2      | Found a faded altar of an unknown god.
  1421 | D:2      | Noticed a golden eye
  1421 | D:2      | Noticed a shining eye
  1421 | D:2      | Noticed an eye of devastation
  1611 | D:2      | Reached skill level 4 in Spellcasting
  2663 | D:3      | Reached XP level 4. HP: 28/31 MP: 0/0
  2932 | D:3      | Found a sacrificial altar of Ru.
  2939 | D:3      | Found a broken altar of Ashenzari.
  3572 | D:4      | Found a staircase to the Ecumenical Temple.
  3581 | Temple   | Entered the Ecumenical Temple
  3671 | Temple   | Became a worshipper of Gozag Ym Sagoz the Greedy
  3839 | D:4      | Noticed Blork the orc
  3841 | D:4      | Found a blossoming altar of Fedhas.
  3859 | D:4      | Reached XP level 5. HP: 28/35 MP: 0/0
  3859 | D:4      | Learned a level 2 spell: Static Discharge
  4173 | D:4      | Reached skill level 5 in Spellcasting
  4230 | D:4      | Reached XP level 6. HP: 6/41 MP: 0/0
  4514 | D:4      | Reached skill level 1 in Fighting
  4591 | D:4      | Noticed Natasha
  4596 | D:4      | Killed Natasha
  4796 | D:4      | Killed Blork the orc
  4977 | D:4      | Noticed Robin
  5037 | D:4      | Killed Robin
  5184 | D:4      | Reached XP level 7. HP: 43/49 MP: 0/0
  5184 | D:4      | Learned a level 3 spell: Swiftness
  5234 | D:4      | Noticed Natasha
  5240 | D:4      | Killed Natasha
  5588 | D:4      | Reached skill level 6 in Spellcasting
  5907 | D:4      | Noticed Natasha
  5913 | D:4      | Killed Natasha
  6104 | D:5      | Entered Level 5 of the Dungeon
  6113 | D:5      | Found a stormy altar of Qazlal.
  6120 | D:5      | Identified the ring of the Crushing Hero {rPois Int+5}
  6363 | D:5      | Noticed Grinder
  6446 | D:4      | Paralysed by Grinder for 6 turns
  6472 | D:4      | Killed Grinder
  6473 | D:4      | Reached XP level 8. HP: 31/56 MP: 0/0
  6983 | D:5      | Reached skill level 7 in Spellcasting
  7175 | D:5      | Noticed Edmund
  7186 | D:5      | Killed Edmund
  7795 | D:5      | Noticed Menkaure
  7803 | D:5      | Killed Menkaure
  7804 | D:5      | Reached skill level 5 in Fighting
  7804 | D:5      | Reached XP level 9. HP: 59/65 MP: 0/0
  7804 | D:5      | Learned a level 4 spell: Summon Lightning Spire
  8035 | D:6      | Noticed Prince Ribbit
  8056 | D:6      | Killed Prince Ribbit
  8057 | D:6      | Reached skill level 8 in Spellcasting
  8216 | D:6      | Found a bloodstained altar of Trog.
  8315 | D:6      | Found a hazy altar of Hepliaklqana.
  8500 | D:6      | Found an ornate altar of the Wu Jian Council.
  9092 | D:7      | Noticed a six-headed hydra
  9117 | D:7      | Killed a six-headed hydra
  9118 | D:7      | Reached skill level 9 in Spellcasting
  9118 | D:7      | Reached XP level 10. HP: 16/75 MP: 0/0
  9670 | D:7      | You are sucked into a shaft and drop 1 floor!
  9670 | D:8      | Found Jeoptare's Overcharged Wands.
  9734 | D:8      | Noticed a two-headed ogre
  9790 | D:8      | Reached skill level 10 in Spellcasting
 10008 | D:8      | Killed a two-headed ogre
 10339 | D:8      | Found a shimmering altar of Xom.
 10559 | D:8      | Killed from afar by an electric eel

Illustrated notes

Levels and vault maps discovered:
D:1:      onia_arrival_mini_maze, layout_rooms, minivault_26
D:2:      layout_loops_ring, hellmonk_ecumenical_altar_watching_god,
          chequers_big_river, st_stairs_4
D:3:      layout_loops_corners, mainiacjoe_overflow_big_doors
D:4:      layout_loops_ring, old_standard_altar, serial_undead, serial_undead_e,
          serial_undead_d, serial_undead_f, serial_undead_e,
          minmay_misc_feat_square, uniq_natasha, uniq_robin, uniq_blork_the_orc
D:5:      layout_loops_ring, grunt_qazlal_sundering, uniq_menkaure, uniq_edmund,
          uniq_grinder
D:6:      layout_basic, trog_three_pillars_becter, mainiacjoe_overflow_catwalk,
          nzn_wu_jian_contemplation, corexii_shack, uniq_prince_ribbit1
D:7:      layout_basic
D:8:      layout_gridville, general_overflow_altar, serial_bayou,
          serial_bayou_pond_b, serial_bayou_lake_a, serial_bayou_lagoon_a,
          serial_bayou_shore_a, serial_bayou_pond_d, serial_bayou_pond_d,
          nicolae_shop_overcharged_wands
Temple:   minmay_temple_bridge_abc

Skill      XL: |  1  2  3  4  5  6  7  8  9 10 |
---------------+-------------------------------+-----
Spellcasting   | 4 5 6 7 9 10 | 10.6
Fighting       | 2 3 5 7 8 |  8.4
Dodging        | |  2.1
Stealth        | |  1.5

Action                   |  1- 3 |  4- 6 |  7- 9 | 10-12 || total
-------------------------+-------+-------+-------+-------++-------
Melee: Club              |     3 |       |       |       ||     3
       Whip              |    48 |       |     3 |       ||    51
       Dagger            |    25 |   157 |    55 |       ||   237
       Mace              |       |       |    27 |       ||    27
       Flail             |       |       |    93 |    35 ||   128
Throw: Dart              |     1 |       |     9 |     1 ||    11
 Cast: Freeze            |    39 |    41 |    49 |    27 ||   156
       Static Discharge  |       |     2 |     8 |       ||    10
       Ozocubu's Armour  |       |     3 |     3 |       ||     6
       Hailstorm         |       |     1 |     1 |    10 ||    12
       Frozen Ramparts   |       |       |    12 |     9 ||    21
       Summon Lightning  |       |       |     3 |     1 ||     4
  Use: Scroll            |       |       |     5 |     2 ||     7
       Potion            |       |       |     1 |     4 ||     5
 Stab: Sleeping          |     1 |     1 |     2 |     1 ||     5
Armor: Robe              |    19 |    84 |   104 |    28 ||   235
       Skin              |       |       |     8 |       ||     8
Dodge: Dodged            |    66 |   104 |   142 |    53 ||   365

Table legend: (Time is in decaauts)
 A = Elapsed time spent in this place.
 B = Non-inter-level travel time spent in this place.
 C = Inter-level travel time spent in this place.
 D = Time resting spent in this place.
 E = Time spent auto-exploring this place.
 F = Levels seen in this place.
 G = Mean time per level.
                   A        B        C        D        E       F      G
               +--------+--------+--------+--------+--------+-----+--------+
         Total |  10624 |  10384 |    240 |   2836 |   5346 |   9 | 1180.4 |
       Dungeon |  10515 |  10293 |    222 |   2836 |   5308 |   8 | 1314.4 |
        Temple |    109 |     91 |     18 |      0 |     38 |   1 |  109.0 |
               +--------+--------+--------+--------+--------+-----+--------+

Top non-repeatable levels by time:
     D:4: 2698 daAuts
     D:2: 1423 daAuts
     D:5: 1238 daAuts
     D:3: 1232 daAuts
     D:1: 1161 daAuts
     D:7: 986 daAuts
     D:8: 900 daAuts
     D:6: 875 daAuts
  Temple: 109 daAuts
